[Event "Titled Tuesday Blitz August 17 2021"]
[White "Bok, Benjamin"]
[Black "Rakhmanov, Aleksandr"]
[WhiteFideId "1017063"]
[BlackFideId "4173708"]
[WhiteElo "2658"]
[BlackElo "2498"]
[Result "1/2-1/2"]
[Round "08"]
[TimeControl "180+1"]
[Date "2021.08.17"]
[WhiteClock "0:00:08"]
[BlackClock "0:00:17"]

1. d4 Nf6 2. c4 d6 3. Nf3 g6 4. g3 Bg7 5. Bg2 c6 6. Nc3 Bf5 7. Qb3 Qb6 8. O-O Ne4 9. Be3 Nxc3 10. Qxc3 Be4 11. Qd2 O-O 12. b3 d5 13. Rac1 Nd7 14. cxd5 Bxd5 15. Rfd1 a5 16. Ne5 Rfd8 17. Bxd5 cxd5 18. Qc3 Nxe5 19. dxe5 Qe6 20. f4 a4 21. Bf2 f6 22. exf6 Bxf6 23. Qd3 axb3 24. axb3 Ra2 25. Rc2 Rxc2 26. Qxc2 Kf7 27. Qd3 Rd6 28. Bc5 Rc6 29. Bf2 d4 30. Bxd4 Bxd4+ 31. Qxd4 Qxe2 32. Qd5+ Kg7 33. Qd3 Qe6 34. Kf2 Qh3 35. Kg1 Kh6 36. Re1 e6 37. Rd1 Qh5 38. Re1 Qc5+ 39. Kg2 Rd6 40. Qe3 Qc6+ 41. Kh3 Rd5 42. f5+ Kg7 43. Qxe6 Rxf5 44. Qxc6 bxc6 45. Re7+ Rf7 46. Rxf7+ Kxf7 47. Kg4 Kf6 48. Kf4 Ke6 49. Ke4 c5 50. g4 g5 51. h3 h6 52. Kd3 Kd5 53. Kc3 Kd6 54. Kc4 Kc6 55. Kd3 Kb6 56. Kc4 Kc6 57. Kd3 Kb5 58. Kc3 Kb6 59. b4 Kb5 60. bxc5 Kxc5 61. Kd3 Kd5 62. Ke3 Ke5 63. Kf3 Kd4 64. Kg3 Ke3 65. h4 Ke4 66. hxg5 hxg5 67. Kh3 Kf3 68. Kh2 Kxg4 69. Kg2 Kf4 70. Kf2 g4 71. Kg2 g3 72. Kg1 Kf3 73. Kf1 g2+ 74. Kg1 Kg3 1/2-1/2


[Site "https://www.chess.com"]

[Event "Titled Tuesday Blitz August 17 2021"]
[White "Bongo Akanga Ndjila, Barthelemy"]
[Black "Seletsky, Grigory"]
[WhiteFideId "10609431"]
[BlackFideId "14112191"]
[WhiteElo "1803"]
[BlackElo "2492"]
[Result "0-1"]
[Round "08"]
[TimeControl "180+1"]
[Date "2021.08.18"]
[WhiteClock "0:00:09"]
[BlackClock "0:00:49"]

1. d4 f5 2. Nc3 Nf6 3. e4 fxe4 4. Nge2 d5 5. Ng3 e6 6. Be2 c5 7. Be3 cxd4 8. Bxd4 Nc6 9. O-O Bd6 10. f3 Nxd4 11. Qxd4 exf3 12. Bxf3 O-O 13. Rae1 Bd7 14. Kh1 a6 15. Na4 Qc7 16. Qh4 b5 17. Nc3 b4 18. Nce2 e5 19. Nh5 e4 20. Nxf6+ Rxf6 21. Bg4 Rh6 22. Bh5 g6 23. Qf6 Rf8 24. Qd4 Rxh5 25. h3 Bb5 26. Rxf8+ Bxf8 27. Ng1 Qc5 28. Qf6 Qe7 29. Qd4 Bg7 30. Qb6 Bxb2 31. Qb8+ Kg7 32. Ne2 Bxe2 33. Rxe2 Rf5 34. Re1 Be5 35. Qb6 Bd6 36. Qxa6 Qe5 37. Qb7+ Rf7 38. Qxf7+ Kxf7 39. Kg1 Ke6 40. Kf1 Qb2 41. Ke2 Qxc2+ 42. Kf1 Bg3 43. Re2 Qd1+ 0-1


[Site "https://www.chess.com"]

[Event "Titled Tuesday Blitz August 17 2021"]
[White "Chen, Max"]
[Black "Gurvich, Vitaly"]
[WhiteFideId "2622440"]
[BlackFideId "24164852"]
[WhiteElo "2449"]
[BlackElo "2252"]
[Result "0-1"]
[Round "08"]
[TimeControl "180+1"]
[Date "2021.08.17"]
[WhiteClock "0:00:54"]
[BlackClock "0:00:37"]

1. e4 c6 2. d4 d5 3. Nc3 dxe4 4. Nxe4 Nf6 5. Nxf6+ exf6 6. c3 Bd6 7. Bd3 Na6 8. Ne2 Nc7 9. O-O O-O 10. h3 Re8 11. Re1 Be6 12. Qc2 g6 13. Be3 Nd5 14. Bd2 Qd7 15. Rad1 Bxh3 16. Be4 Be6 17. c4 Nb4 18. Bxb4 Bxb4 19. Rf1 Rac8 20. f3 f5 21. Bd3 f6 22. a3 Bf8 23. Qc3 Bf7 24. Bc2 Rxe2 0-1


[Site "https://www.chess.com"]

[Event "Titled Tuesday Blitz August 17 2021"]
[White "Chernobay, Artem"]
[Black "Terletsky, Oleg"]
[WhiteFideId "4167406"]
[BlackFideId "14116774"]
[WhiteElo "2480"]
[BlackElo "2073"]
[Result "1-0"]
[Round "08"]
[TimeControl "180+1"]
[Date "2021.08.18"]
[WhiteClock "0:00:47"]
[BlackClock "0:00:01"]

1. d4 Nf6 2. c4 g6 3. Nc3 Bg7 4. e4 d6 5. Nf3 O-O 6. Be2 e5 7. O-O Nc6 8. d5 Ne7 9. Ne1 Nd7 10. Be3 f5 11. f3 f4 12. Bf2 g5 13. Rc1 Ng6 14. c5 Nxc5 15. b4 Na6 16. Nb5 Bd7 17. Qb3 Qb8 18. Rc3 Bf6 19. Nc2 Kh8 20. Rc1 h5 21. h3 Rg8 22. Ne1 c6 23. dxc6 bxc6 24. Qf7 Be7 25. Nxd6 Qxd6 26. Rd1 Qe6 27. Qxe6 Bxe6 28. Bxa6 Bxb4 29. Rxc6 Bxa2 30. Rd7 Rg7 31. Rxg7 Kxg7 32. Nd3 Be7 33. Rc7 Kf6 34. Bxa7 Bb1 35. Kf1 g4 36. hxg4 hxg4 37. Nf2 gxf3 38. gxf3 Kg5 39. Bc4 Bf6 40. Be6 Nh4 41. Bg4 Rd8 42. Rh7 Bd3+ 43. Nxd3 Rxd3 44. Bf2 Rd2 45. Bxh4+ 1-0


[Site "https://www.chess.com"]

[Event "Titled Tuesday Blitz August 17 2021"]
[White "Chigaev, Maksim"]
[Black "Weetik, Vjacheslav"]
[WhiteFideId "4108116"]
[BlackFideId "4153472"]
[WhiteElo "2579"]
[BlackElo "2469"]
[Result "1-0"]
[Round "08"]
[TimeControl "180+1"]
[Date "2021.08.17"]
[WhiteClock "0:00:27"]
[BlackClock "0:00:04"]

1. c4 e5 2. Nc3 Bb4 3. g3 Bxc3 4. dxc3 Nc6 5. e4 Nge7 6. Bg2 d6 7. Nf3 Be6 8. b3 h6 9. O-O Qd7 10. Ne1 Bh3 11. Nc2 O-O 12. Ne3 Bxg2 13. Kxg2 f5 14. exf5 Nxf5 15. Qd5+ Kh8 16. Nxf5 Rxf5 17. Be3 Raf8 18. Qe4 b6 19. Rad1 Ne7 20. h3 Ng8 21. g4 R5f7 22. f3 Ne7 23. f4 exf4 24. Rxf4 Rxf4 25. Bxf4 Ng8 26. Bg3 Nf6 27. Qb7 Qf7 28. Rf1 Re8 29. Bh4 Re2+ 30. Kh1 g5 31. Bf2 Kg7 32. Bd4 Re6 33. Qxa7 Kg6 34. Qb7 Qe7 35. Qf3 Ne4 36. Qf5# 1-0


[Site "https://www.chess.com"]

[Event "Titled Tuesday Blitz August 17 2021"]
[White "Chirila, Ioan-Cristian"]
[Black "Sychev, Klementy"]
[WhiteFideId "1211668"]
[BlackFideId "4114060"]
[WhiteElo "2445"]
[BlackElo "2615"]
[Result "0-1"]
[Round "08"]
[TimeControl "180+1"]
[Date "2021.08.17"]
[WhiteClock "0:00:12"]
[BlackClock "0:01:42"]

1. d4 Nf6 2. c4 c5 3. d5 b5 4. cxb5 a6 5. bxa6 g6 6. Nc3 Bg7 7. Nf3 O-O 8. e4 Qa5 9. a7 Rxa7 10. Bd2 Rb7 11. Qc2 Na6 12. e5 Ng4 13. Qe4 f5 14. exf6 Nxf6 15. Qa4 Qxa4 16. Nxa4 Nb4 17. Rc1 d6 18. a3 Nbxd5 19. Bc4 Kh8 20. O-O Bg4 21. Ng5 h6 22. f3 Bd7 23. Ne4 Bxa4 0-1


[Site "https://www.chess.com"]

[Event "Titled Tuesday Blitz August 17 2021"]
[White "D`Costa, Lorin"]
[Black "Diakonova, Ekaterina"]
[WhiteFideId "409219"]
[BlackFideId "24172936"]
[WhiteElo "2287"]
[BlackElo "2102"]
[Result "1-0"]
[Round "08"]
[TimeControl "180+1"]
[Date "2021.08.18"]
[WhiteClock "0:00:08"]
[BlackClock "0:00:10"]

1. Nf3 Nf6 2. c4 c5 3. Nc3 b6 4. g3 Bb7 5. Bg2 g6 6. O-O Bg7 7. d4 cxd4 8. Qxd4 O-O 9. Qh4 h5 10. Rd1 d6 11. e4 Nbd7 12. Bg5 Qc7 13. b3 Nc5 14. Nd4 a6 15. Rac1 Rfe8 16. Nd5 Nxd5 17. cxd5 Qd8 18. b4 Na4 19. Bh3 b5 20. Nc6 Bxc6 21. Rxc6 Nb6 22. Rdc1 Nc4 23. a4 Ne5 24. Qf4 Nd3 25. Qd2 Nxc1 26. Qxc1 bxa4 27. Qa3 a5 28. b5 Bc3 29. Rxc3 f6 30. Be6+ Kg7 31. Be3 g5 32. Qxa4 h4 33. g4 Qb8 34. b6 Qb7 35. Rc7 Qa6 36. Kg2 Qe2 37. h3 Ra6 38. b7 Kg6 39. Qxe8+ 1-0


[Site "https://www.chess.com"]

[Event "Titled Tuesday Blitz August 17 2021"]
[White "Dahanayake, Isara Banidu"]
[Black "Avramidou, Anastasia"]
[WhiteFideId "9932631"]
[BlackFideId "4239873"]
[WhiteElo "1394"]
[BlackElo "2183"]
[Result "0-1"]
[Round "08"]
[TimeControl "180+1"]
[Date "2021.08.18"]
[WhiteClock "0:00:16"]
[BlackClock "0:01:08"]

1. e4 g6 2. d4 Bg7 3. Nc3 c6 4. Be3 d5 5. e5 Nh6 6. Bd3 Nf5 7. Bxf5 Bxf5 8. Nge2 h5 9. Qd2 Na6 10. h3 h4 11. a3 Qd7 12. Nf4 O-O-O 13. O-O-O Kb8 14. Nd3 Ka8 15. Na4 Bxd3 16. Qxd3 c5 17. Nxc5 Nxc5 18. dxc5 Bxe5 19. Bd4 Bxd4 20. Qxd4 Qc7 21. Rd3 e5 22. Qb4 d4 23. Re1 Rd5 24. f4 f6 25. fxe5 fxe5 26. Re2 Rxc5 27. Rf3 Rc8 28. Qb3 Qc6 29. Rf7 e4 30. Kb1 a6 31. Ref2 Rb5 32. Qa2 d3 33. c3 e3 34. R2f6 e2 35. Re6 d2 0-1


[Site "https://www.chess.com"]

[Event "Titled Tuesday Blitz August 17 2021"]
[White "De Silva, L M S T"]
[Black "Brunner, Nicolas"]
[WhiteFideId "9953698"]
[BlackFideId "620246"]
[WhiteElo "1621"]
[BlackElo "2372"]
[Result "1-0"]
[Round "08"]
[TimeControl "180+1"]
[Date "2021.08.17"]
[WhiteClock "0:00:11"]
[BlackClock "0:00:02"]

1. e4 c5 2. Nf3 e6 3. d4 cxd4 4. Nxd4 Nc6 5. Be2 a6 6. O-O Qc7 7. Be3 Nf6 8. Nc3 Be7 9. a4 O-O 10. f4 d6 11. Kh1 Re8 12. Qe1 Nxd4 13. Bxd4 e5 14. fxe5 dxe5 15. Qg3 Bd8 16. Be3 Kh8 17. a5 Qe7 18. Bg5 Qc5 19. Bxf6 Bxf6 20. Nd5 Qxc2 21. Bh5 Rf8 22. Nxf6 gxf6 23. Qh4 Rg8 24. Qxf6+ Rg7 25. Rf2 Qxe4 26. Bxf7 Bd7 27. Bb3 Qb4 28. Rd1 Qxb3 29. Rxd7 Rg8 30. Qxe5 Qc4 31. h3 Qc6 32. Rxg7 Qc1+ 33. Kh2 1-0


[Site "https://www.chess.com"]

[Event "Titled Tuesday Blitz August 17 2021"]
[White "Denishev, Marat"]
[Black "Gedgafov, Chamal"]
[WhiteFideId "24131563"]
[BlackFideId "34130621"]
[WhiteElo "2132"]
[BlackElo "2005"]
[Result "1-0"]
[Round "08"]
[TimeControl "180+1"]
[Date "2021.08.17"]
[WhiteClock "0:02:02"]
[BlackClock "0:00:15"]

1. e4 e6 2. d3 c5 3. Nd2 Nc6 4. g3 g6 5. Bg2 Bg7 6. Ngf3 Nge7 7. O-O d5 8. e5 Qc7 9. Re1 Nxe5 10. Nxe5 Bxe5 11. Qe2 Bg7 12. c3 O-O 13. Nf3 b6 14. Bf4 Qd8 15. h4 h5 16. Qd2 Nf5 17. Ng5 Bb7 18. Re2 Qd7 19. Rae1 d4 20. c4 Bxg2 21. Kxg2 a6 22. Ne4 Qc6 23. Kg1 b5 24. b3 Rfe8 25. Bg5 e5 26. Qc1 Kh7 27. f3 Re6 28. g4 hxg4 29. fxg4 Nh6 30. Bxh6 Bxh6 31. g5 Bg7 32. Rf1 Rf8 33. Ref2 Re7 34. Qd1 bxc4 35. bxc4 Qe6 36. Qf3 Kg8 37. Nxc5 Qb6 38. Ne4 Qe6 39. Qg3 Rb7 40. Nc5 Qc6 41. Nxb7 Qxb7 42. Qf3 Qc7 43. Qe4 Qe7 44. a4 Qe6 45. c5 Rc8 46. Rxf7 Qxf7 47. Rxf7 Kxf7 48. Qb7+ Ke6 49. Qxc8+ Kd5 50. Qd7+ Kxc5 51. Qxg7 1-0


[Site "https://www.chess.com"]

[Event "Titled Tuesday Blitz August 17 2021"]
[White "Dev, Shah"]
[Black "Bortnyk, Olexandr"]
[WhiteFideId "35019058"]
[BlackFideId "14120828"]
[WhiteElo "2098"]
[BlackElo "2723"]
[Result "0-1"]
[Round "08"]
[TimeControl "180+1"]
[Date "2021.08.17"]
[WhiteClock "0:00:01"]
[BlackClock "0:00:10"]

1. d4 f5 2. g3 Nf6 3. Bg2 d6 4. c4 g6 5. Nc3 Bg7 6. Nf3 O-O 7. O-O c6 8. d5 e5 9. e4 cxd5 10. cxd5 fxe4 11. Ng5 Na6 12. Ngxe4 Nxe4 13. Nxe4 Bf5 14. Be3 Rc8 15. Qb3 b6 16. Rac1 Bxe4 17. Bxe4 Nc5 18. Bxc5 bxc5 19. Qa4 Qb6 20. b3 Bh6 21. Rc2 Rf7 22. Bg2 Rcf8 23. Bh3 Kg7 24. Be6 Rc7 25. Qh4 Qa6 26. Qc4 Qxc4 27. Rxc4 a5 28. Re1 Rb7 29. Re2 Rb4 30. Rxb4 axb4 31. Rc2 Rf3 32. Kf1 Rc3 33. Re2 Kf6 34. Bg8 Bc1 35. h4 h6 36. Be6 g5 37. h5 Rd3 38. Rc2 Rd1+ 39. Ke2 Rh1 40. Kf3 Re1 41. Re2 Rd1 42. Rc2 Rh1 43. Kg2 Re1 44. f3 Be3 45. g4 Rg1+ 46. Kh2 Rd1 47. Kg2 Bd4 48. Bf5 e4 49. Bxe4 Ke5 50. Re2 Kf4 51. Kh2 Be3 52. Kg2 Rc1 53. Rc2 Rg1+ 54. Kh2 Ra1 55. Re2 Rd1 56. Kg2 Rd4 57. Rc2 Bd2 0-1


[Site "https://www.chess.com"]

[Event "Titled Tuesday Blitz August 17 2021"]
[White "Divya Deshmukh"]
[Black "Yaran, Siar"]
[WhiteFideId "35006916"]
[BlackFideId "6323006"]
[WhiteElo "2239"]
[BlackElo "1977"]
[Result "0-1"]
[Round "08"]
[TimeControl "180+1"]
[Date "2021.08.17"]
[WhiteClock "0:00:02"]
[BlackClock "0:00:03"]

1. Nf3 Nf6 2. g3 b6 3. Bg2 Bb7 4. O-O g6 5. d3 Bg7 6. Nbd2 O-O 7. e4 c5 8. Re1 d6 9. Qe2 Nbd7 10. Nf1 Qc7 11. Ne3 Bc6 12. Bd2 Rad8 13. h4 d5 14. exd5 Nxd5 15. Nxd5 Bxd5 16. Qxe7 Bxb2 17. Rab1 Bf6 18. Qe3 Qc6 19. h5 Qa8 20. Qf4 Bg7 21. h6 Bh8 22. Nh4 Bxg2 23. Nxg2 Qd5 24. Ne3 Qxa2 25. c4 Qxd2 26. Nd5 Bc3 27. Re3 Bd4 28. Rbe1 Qb2 29. Re4 Bc3 30. R1e2 Qa1+ 31. Kg2 Nf6 32. Ne7+ Kh8 33. R4e3 Nh5 34. Qc7 Bd4 35. Rf3 Qc1 36. Nc6 Rc8 37. Qd7 Qxh6 38. Rxf7 Ra8 39. Ree7 Rxf7 40. Rxf7 Rf8 41. Re7 Nf6 42. Qc7 Ng4 43. f4 Qh2+ 44. Kf3 Qf2+ 45. Kxg4 h5+ 46. Kh3 Qf1+ 47. Kh4 Bf6# 0-1


[Site "https://www.chess.com"]

[Event "Titled Tuesday Blitz August 17 2021"]
[White "Dobrowolski, Piotr"]
[Black "Richter, Nils"]
[WhiteFideId "1106236"]
[BlackFideId "12990809"]
[WhiteElo "2296"]
[BlackElo "2289"]
[Result "1/2-1/2"]
[Round "08"]
[TimeControl "180+1"]
[Date "2021.08.17"]
[WhiteClock "0:00:19"]
[BlackClock "0:01:04"]

1. e4 e5 2. Nf3 Nc6 3. Bb5 a6 4. Bxc6 dxc6 5. Nc3 Ne7 6. Nxe5 Ng6 7. Nxg6 hxg6 8. Qf3 Bc5 9. d3 g5 10. Be3 g4 11. Qe2 Bd6 12. g3 Be6 13. O-O-O Bb4 14. Bd2 Qd7 15. Kb1 O-O-O 16. Rdf1 Rh3 17. f4 gxf3 18. Qxf3 Rdh8 19. Rf2 Bd6 20. Bf4 Kb8 21. Bxd6 Qxd6 22. Ne2 g5 23. d4 f5 24. e5 Qd5 25. Qxd5 Bxd5 26. Rhf1 Rxh2 27. Rxh2 Rxh2 28. Nc3 Rh1 29. Rxh1 Bxh1 30. Kc1 Kc8 31. Kd2 Kd7 32. Ke3 Ke6 33. Nd1 c5 34. c3 cxd4+ 35. cxd4 c5 36. Nf2 Bd5 37. Nd3 cxd4+ 38. Kxd4 b6 39. a3 a5 40. b4 axb4 41. Nxb4 Be4 42. g4 Bb7 43. gxf5+ Kxf5 44. Nc2 g4 45. Ne3+ Kf4 46. Nxg4 Kxg4 47. e6 Bc6 48. Ke5 Kf3 49. Kd6 Be8 50. Kc7 b5 51. Kb6 Ke4 52. Ka5 Kd5 53. a4 bxa4 54. Kb4 Kxe6 55. Ka3 Kd5 56. Kb2 Kc4 57. Ka1 Kb3 58. Kb1 Bg6+ 59. Ka1 Ka3 1/2-1/2


[Site "https://www.chess.com"]

[Event "Titled Tuesday Blitz August 17 2021"]
[White "Wagner, Dinara"]
[Black "Tharushi, T H D Niklesha"]
[WhiteFideId "24157570"]
[BlackFideId "9918264"]
[WhiteElo "2260"]
[BlackElo "1595"]
[Result "0-1"]
[Round "08"]
[TimeControl "180+1"]
[Date "2021.08.17"]
[WhiteClock "0:00:12"]
[BlackClock "0:00:14"]

1. d4 Nf6 2. c4 e6 3. Nf3 d5 4. g3 dxc4 5. Bg2 Nc6 6. Qa4 Qd6 7. Qxc4 Qd5 8. Qa4 Bb4+ 9. Nc3 Ne4 10. Qc2 Nxc3 11. bxc3 Nxd4 12. Qb2 Ba3 13. Qb1 Qa5 14. Bd2 Nxf3+ 15. Bxf3 Bc5 16. O-O O-O 17. Qb3 e5 18. Qd5 c6 19. Qb3 Qa6 20. Rab1 Bh3 21. Rfd1 e4 22. Bg2 Bxg2 23. Kxg2 Qxe2 24. Be1 Qf3+ 25. Kg1 e3 26. Qc2 Rfe8 27. fxe3 Rxe3 28. Bf2 Rae8 29. Rf1 Re2 0-1


[Site "https://www.chess.com"]

[Event "Titled Tuesday Blitz August 17 2021"]
[White "Elissalt Cardenas, Hector"]
[Black "Shishkov, Andrei"]
[WhiteFideId "3500632"]
[BlackFideId "4500563"]
[WhiteElo "2253"]
[BlackElo "2322"]
[Result "1/2-1/2"]
[Round "08"]
[TimeControl "180+1"]
[Date "2021.08.18"]
[WhiteClock "0:00:07"]
[BlackClock "0:00:05"]

1. d4 d5 2. c4 Bf5 3. Nc3 e6 4. Nf3 c6 5. e3 Nd7 6. Bd3 Bxd3 7. Qxd3 f5 8. cxd5 cxd5 9. Bd2 a6 10. O-O Bd6 11. Rfc1 Ngf6 12. a3 O-O 13. Ne2 Ne4 14. Bb4 Bxb4 15. axb4 Qb6 16. Qa3 Rac8 17. Qa5 h6 18. Qxb6 Nxb6 19. b3 g5 20. Rxc8 Rxc8 21. Rc1 Rxc1+ 22. Nxc1 Nd7 23. Kf1 g4 24. Ne1 Nc3 25. Ned3 Kf7 26. f3 gxf3 27. gxf3 Ke7 28. Ke1 Nb5 29. Kd2 Kd6 30. Nc5 b6 31. Nxd7 Kxd7 32. Nd3 Ke7 33. Ne5 Nd6 34. Kd3 Nf7 35. Nc6+ Kd7 36. Nb8+ Kc7 37. Nxa6+ Kb7 38. b5 Nd6 39. Nb4 Nxb5 40. e4 dxe4+ 41. fxe4 f4 42. Nc2 Kc6 43. Ne1 Kd6 44. Nf3 Nc7 45. Kc4 b5+ 46. Kb4 Kc6 47. Ne5+ Kb6 48. Kc3 Na6 49. b4 Kc7 50. Nf3 Kd6 51. Kb3 Ke7 52. Kc3 Kf6 53. h3 Kg6 54. Kb3 Kf6 55. Kc3 Kg6 56. Kb3 Kf6 57. Kc3 1/2-1/2


[Site "https://www.chess.com"]

[Event "Titled Tuesday Blitz August 17 2021"]
[White "Eynullayev, Atilla"]
[Black "Sapunov, Evgeny"]
[WhiteFideId "13413570"]
[BlackFideId "4126661"]
[WhiteElo "1997"]
[BlackElo "2470"]
[Result "0-1"]
[Round "08"]
[TimeControl "180+1"]
[Date "2021.08.17"]
[WhiteClock "0:00:03"]
[BlackClock "0:00:25"]

1. e4 c5 2. Nf3 d6 3. d4 cxd4 4. Nxd4 Nf6 5. Nc3 Nc6 6. Bg5 e6 7. Bb5 Bd7 8. Qd3 Be7 9. O-O-O O-O 10. Bxc6 Bxc6 11. f4 Qc7 12. Rhe1 Rfd8 13. Kb1 a6 14. Qg3 Rac8 15. e5 dxe5 16. fxe5 Nd5 17. Ne4 Kh8 18. Rf1 Rf8 19. c4 Nb6 20. Nxc6 Qxc6 21. Bxe7 Qxe4+ 22. Ka1 Rg8 23. Rxf7 Qxc4 24. a3 Nd5 25. Bg5 b5 26. Qh3 Qe2 27. Qf3 Qxe5 28. Bc1 b4 29. axb4 Nxb4 30. Kb1 Qa5 31. Qb3 Rb8 32. Rdd7 Qh5 33. g4 Qxg4 34. Ka1 Qg6 35. Bd2 Nc2+ 36. Kb1 Rxb3 37. Bc3 Nb4+ 38. Ka1 Qg1+ 0-1


[Site "https://www.chess.com"]

[Event "Titled Tuesday Blitz August 17 2021"]
[White "FGHSMN"]
[Black "Khodzhamkuliev, Bahadur"]
[BlackFideId "24135046"]
[WhiteElo "2587"]
[BlackElo "2130"]
[Result "1-0"]
[Round "08"]
[TimeControl "180+1"]
[Date "2021.08.17"]
[WhiteClock "0:00:12"]
[BlackClock "0:00:08"]

1. e4 Nc6 2. Nf3 d6 3. d4 Nf6 4. Nc3 g6 5. Be2 Bg7 6. O-O Bg4 7. h3 Bxf3 8. Bxf3 e5 9. d5 Nd4 10. Be3 Nxf3+ 11. Qxf3 O-O 12. Qe2 Nh5 13. Rad1 a6 14. g3 b5 15. a3 f5 16. exf5 Rxf5 17. Ne4 h6 18. Qd2 Nf6 19. Nxf6+ Qxf6 20. Bxh6 Bxh6 21. Qxh6 Rh5 22. Qe3 Rxh3 23. Kg2 Rh8 24. Rh1 Kg7 25. Qc3 Qf7 26. Qf3 Qxf3+ 27. Kxf3 Raf8+ 28. Ke3 Rxh1 29. Rxh1 Rf7 30. Rd1 Rf8 31. Rd3 Rf7 32. Rc3 Kf8 33. b4 e4 34. Kxe4 Rxf2 35. Rxc7 Re2+ 36. Kf4 Re5 37. Rc6 Rxd5 38. Rxa6 Ke7 39. Rc6 Kf6 40. Ke4 Re5+ 41. Kf3 Rf5+ 42. Kg2 Ke6 43. c4 bxc4 44. Rxc4 Rd5 45. a4 Rd2+ 46. Kh3 Ra2 47. a5 Ra4 48. Kh4 d5 49. Rc6+ Kf5 50. g4+ Ke5 51. Rb6 d4 52. Kg3 d3 53. Kf2 Ra2+ 54. Ke3 d2 55. Ke2 Kf4 56. a6 Kxg4 57. b5 g5 58. Rb7 Ra5 59. a7 Kg3 60. b6 g4 61. Rb8 Ra2 62. a8=Q d1=Q+ 63. Kxd1 Rb2 1-0


[Site "https://www.chess.com"]

[Event "Titled Tuesday Blitz August 17 2021"]
[White "Fajdetic, Hrvoje"]
[Black "Gracia Alvarez, Gerardo Antonio"]
[WhiteFideId "14501945"]
[BlackFideId "5109124"]
[WhiteElo "2153"]
[BlackElo "2148"]
[Result "0-1"]
[Round "08"]
[TimeControl "180+1"]
[Date "2021.08.18"]
[WhiteClock "0:00:01"]
[BlackClock "0:00:11"]

1. d4 Nf6 2. Bf4 g6 3. Nc3 d5 4. e3 Bg7 5. h4 h5 6. f3 c6 7. Qd2 Nbd7 8. O-O-O b5 9. Nh3 Nb6 10. e4 b4 11. Nb1 dxe4 12. Qxb4 Nbd5 13. Qa4 Nxf4 14. Nxf4 Bh6 15. g3 exf3 16. Qxc6+ Bd7 17. Qxf3 O-O 18. Bc4 Bg4 19. Qa3 Bxd1 20. Rxd1 Rc8 21. Bb3 Nd5 22. Bxd5 Qxd5 23. Nc3 Qf3 24. Nd5 Qxa3 25. bxa3 Rfe8 26. Re1 Kf8 27. Kb2 e6 28. Nf6 Red8 29. c3 Bg7 30. Nh7+ Kg8 31. Ng5 Rb8+ 32. Kc2 Rdc8 33. Kd3 Rb2 34. Rf1 Rxa2 35. Ne2 Rc7 36. Rb1 Bf6 37. Rb8+ Kg7 38. Ne4 Rxa3 39. Nxf6 Kxf6 40. Ra8 a5 41. Ra6 Ke7 42. Ra8 a4 43. Kd2 Ra2+ 44. Kd3 a3 45. Nf4 Ra1 46. d5 e5 47. Ne2 a2 48. Ke3 Kd6 49. Ra5 Rc5 50. Ra6+ Kxd5 51. c4+ Kxc4 52. Ra3 Kb4 0-1


[Site "https://www.chess.com"]

[Event "Titled Tuesday Blitz August 17 2021"]
[White "Federzoni, Enzo"]
[Black "Rosenberg, Evan S"]
[WhiteFideId "2173301"]
[BlackFideId "2019299"]
[WhiteElo "1956"]
[BlackElo "2283"]
[Result "1-0"]
[Round "08"]
[TimeControl "180+1"]
[Date "2021.08.18"]
[WhiteClock "0:00:23"]
[BlackClock "0:00:01"]

1. e4 c6 2. d4 d5 3. exd5 cxd5 4. c4 Nf6 5. Nc3 g6 6. cxd5 Bg7 7. Bb5+ Nbd7 8. d6 O-O 9. dxe7 Qxe7+ 10. Nge2 a6 11. Bd3 b5 12. O-O Bb7 13. Bf4 Rad8 14. Qd2 Rfe8 15. Bh6 Bh8 16. Rae1 b4 17. Nd1 Ne4 18. Bxe4 Qxe4 19. Ne3 Ne5 20. Ng3 Qh4 21. Qxb4 Bxg2 22. Kxg2 Rxd4 23. Qb6 Rb4 24. Qc5 Rb5 25. Qd6 Qxh6 26. Nef5 Qf8 27. Qxf8+ Kxf8 28. Nd6 Reb8 29. Nxb5 Rxb5 30. b3 h5 31. Rc1 Bf6 32. Ne4 Be7 33. Rfd1 Kg7 34. Rc7 Bh4 35. f4 Ng4 36. Rdd7 Rf5 37. Nd6 Rxf4 38. Rxf7+ Rxf7 39. Rxf7+ Kg8 40. Ra7 Ne3+ 41. Kf3 Bg5 42. Rxa6 Nd5 43. a4 Nb4 44. Ra7 Nd3 45. a5 Ne5+ 46. Ke4 Nc6 47. Ra6 Nb4 48. Rb6 Nc2 49. a6 Be3 50. Rb7 1-0


[Site "https://www.chess.com"]

[Event "Titled Tuesday Blitz August 17 2021"]
[White "Fernandez Hernandez, Arturo A."]
[Black "Dudzinski, Pawel"]
[WhiteFideId "3509230"]
[BlackFideId "1117890"]
[WhiteElo "2400"]
[BlackElo "2193"]
[Result "0-1"]
[Round "08"]
[TimeControl "180+1"]
[Date "2021.08.18"]
[WhiteClock "0:00:09"]
[BlackClock "0:00:25"]

1. e4 c6 2. Nc3 d5 3. Nf3 g6 4. d4 Bg7 5. h3 Nf6 6. Bd3 dxe4 7. Nxe4 Nxe4 8. Bxe4 Nd7 9. O-O O-O 10. c3 Qc7 11. Qe2 c5 12. Rd1 cxd4 13. Nxd4 a6 14. Bd5 Nb6 15. Bb3 e5 16. Nf3 a5 17. a3 a4 18. Ba2 Re8 19. Ng5 Re7 20. Be3 h6 21. Qb5 Ra6 22. Nxf7 Rxf7 23. Qe8+ Bf8 24. Bxb6 Rxb6 25. Rd8 Be6 26. Rad1 Bxa2 27. R1d7 Qc5 28. Rxf7 Bxf7 29. Qxa4 Rxb2 30. Qh4 Kg7 31. Rd7 Qxc3 32. Kh2 Qc1 33. f3 Qf4+ 0-1


[Site "https://www.chess.com"]

[Event "Titled Tuesday Blitz August 17 2021"]
[White "Fier, Alexandr"]
[Black "Tang, Andrew"]
[WhiteFideId "2107139"]
[BlackFideId "2059630"]
[WhiteElo "2569"]
[BlackElo "2588"]
[Result "0-1"]
[Round "08"]
[TimeControl "180+1"]
[Date "2021.08.17"]
[WhiteClock "0:00:01"]
[BlackClock "0:00:04"]

1. d4 d5 2. c4 e6 3. Nc3 Be7 4. cxd5 exd5 5. Bf4 c6 6. e3 Bf5 7. g4 Be6 8. h3 Nd7 9. Nf3 g5 10. Bh2 h5 11. gxh5 Rxh5 12. Qc2 g4 13. hxg4 Bxg4 14. Bg2 Ngf6 15. Ne5 Nxe5 16. Bxe5 Bf5 17. Qe2 Rxh1+ 18. Bxh1 Ng4 19. Bg3 Qa5 20. e4 dxe4 21. Bxe4 Be6 22. Rc1 Nf6 23. Bf3 O-O-O 24. Kf1 Rxd4 25. Nb5 Rb4 26. Bxc6 bxc6 27. Rxc6+ Kd7 28. Rc7+ Ke8 29. Rb7 Nd5 30. Qh5 Rxb5 31. Qh8+ Bf8 32. Rxb5 Qxb5+ 33. Kg1 Qc6 34. Be5 Ne7 0-1


[Site "https://www.chess.com"]

[Event "Titled Tuesday Blitz August 17 2021"]
[White "Garcia Garcia, Alejandro"]
[Black "Gunina, Valentina"]
[WhiteFideId "3516334"]
[BlackFideId "4167570"]
[WhiteElo "2131"]
[BlackElo "2399"]
[Result "0-1"]
[Round "08"]
[TimeControl "180+1"]
[Date "2021.08.17"]
[WhiteClock "0:00:05"]
[BlackClock "0:00:31"]

1. Nf3 d5 2. g3 c6 3. Bg2 Bg4 4. O-O Nd7 5. h3 Bh5 6. c4 e6 7. cxd5 cxd5 8. d3 Bc5 9. e4 Ne7 10. Nc3 dxe4 11. dxe4 O-O 12. Qb3 Bxf3 13. Bxf3 Ne5 14. Be2 N7c6 15. Bf4 Qf6 16. Bxe5 Qxe5 17. Kg2 Nd4 18. Qc4 Rac8 19. f4 Qc7 20. Rac1 Qc6 21. Rfd1 Rfd8 22. b4 Nxe2 23. Nxe2 Rxd1 24. Rxd1 Bf8 25. Qd4 Qa4 26. Rd2 Qxb4 27. Qxb4 Bxb4 28. Rb2 a5 29. Kf3 g6 30. Ke3 Rd8 31. Rc2 b6 32. e5 Bc5+ 33. Ke4 Kg7 34. g4 Rd1 35. f5 gxf5+ 36. gxf5 exf5+ 37. Kxf5 Rf1+ 38. Ke4 Rf2 39. Kd3 Rf3+ 40. Ke4 Rxh3 41. Nf4 Re3+ 42. Kf5 Bd4 43. Rg2+ Kf8 44. Rd2 Rxe5+ 45. Kg4 Bc5 46. Nd5 h6 47. Kf4 Rg5 48. Nf6 Kg7 49. Ne8+ Kg6 50. Rd7 Rf5+ 51. Kg4 h5+ 52. Kh4 Rf3 0-1


[Site "https://www.chess.com"]